 Dungeon Crawl Stone Soup version 0.29.1-15-g9cfb28693d (console) character file.

Game seed: 8162463836539601681

2 sentinel the Digger (level 1, 5/14 HPs)
             Began as a Meteoran Earth Elementalist on Sept 10, 2023.
             Quit the game on level 1 of the Dungeon.
             The game lasted 00:00:07 (48 turns).

sentinel the Digger (Meteoran Earth Elementalist)     Turns: 48, Time: 00:00:08

Health: 5/14       AC:  2    Str:  9    XL:     1   Next: 42%
Magic:  1/5        EV: 12    Int: 16    God:
Gold:   0          SH:  0    Dex: 14    Spells: 4/5 levels left

rFire   . . .      SeeInvis .   (no weapon)
rCold   . . .      Faith    .   (no shield)
rNeg    . . .      Spirit   .   a - +0 robe
rPois   .          Reflect  .   (no helmet)
rElec   .          Harm     .   (no cloak)
rCorr   .          Rampage  .   (no gloves)
Will    .....                   (no boots)
Stlth   +.........              (no amulet)
HPRegen 0.04/turn               (no ring)
MPRegen 0.09/turn               (no ring)

@: glowing
A: sense surroundings 1, otherworldly, glowing, explore regen
a: no special abilities


You were on level 1 of the Dungeon.
You visited 1 branch of the dungeon, and saw 1 of its levels.

Inventory:

Armour
 a - a +0 robe (worn)
Scrolls
 c - a scroll of vulnerability {unknown}
Potions
 b - a potion of magic


   Skills:
 - Level 2.4 Dodging
 - Level 1.4 Stealth
 - Level 2.6 Spellcasting
 - Level 1.2 Transmutations
 + Level 3.8 Earth Magic


You had 4 spell levels left.
You knew the following spells:

 Your Spells              Type           Power      Damage    Failure   Level
a - Sandblast             Erth           28%        2d8       4%          1

Your spell library contained the following spells:

 Spells                   Type           Power      Damage    Failure   Level
 Passwall                 Tmut/Erth      8%         N/A       11%         2
 Stone Arrow              Conj/Erth      16%        3d8       26%         3
 Petrify                  Tmut/Erth      10%        N/A       56%         4


Dungeon Overview and Level Annotations

Branches:
Dungeon (1/15) Zot: 550

Altars:


Innate Abilities, Weirdness & Mutations

You passively map a small area around you.
You are easily found by Zot.
You glow in the dark.
You regain HP and MP as you explore.


Message History

Found a pair of boots.
Unknown command.
c - a scroll labelled AHUXOM TEYPHU Unknown command.
A jackal comes into view.
Found an escape hatch in the floor.
Unknown command.
But you're not safe!
Unknown command.
But you're not safe!
Unknown command.
A rat and 2 ball pythons come into view.
The ball python hisses angrily. x2
A jackal comes into view.
A giant cockroach comes into view.
The blast of sand misses the jackal.
The jackal barks!
You hear a bark!
The jackal closely misses you.
A jackal comes into view.
Unknown command.
The blast of sand misses the jackal.
The jackal barks!
The jackal closely misses you. The ball python barely misses you.
The ball python grabs you. The ball python constricts you.
The ball python bites you. The jackal barely misses you.
Unknown command.
The blast of sand hits the ball python!
You kill the ball python!
The jackal barely misses you. The ball python barely misses you.
The ball python closely misses you. The ball python bites you.
The ball python grabs you. The ball python constricts you.
Unknown command.
The blast of sand hits the ball python!
You kill the ball python!
The rat closely misses you.
The jackal bites you. x2; The rat bites you.
Unknown command.
You are too injured to fight recklessly!
You are too injured to fight recklessly!
You are too injured to fight recklessly!
Unknown command.
You are too injured to fight recklessly!
Unknown command.
You are too injured to fight recklessly!
Unknown command.
You are too injured to fight recklessly!
Unknown command.
You are too injured to fight recklessly!
You are too injured to fight recklessly!
You are too injured to fight recklessly!
Unknown command.
You are too injured to fight recklessly!
Unknown command.
You are too injured to fight recklessly!
Unknown command.
You are too injured to fight recklessly!
Unknown command.
But you're not safe!
Unknown command.
But you're not safe!
Unknown command.
But you're not safe!
Unknown command.
But you're not safe!
Unknown command.
But you're not safe!
Unknown command.
You are too injured to fight recklessly!
You are too injured to fight recklessly!
You are too injured to fight recklessly!
Unknown command.
You are too injured to fight recklessly!
Unknown command.
You are too injured to fight recklessly!
Unknown command.
You are too injured to fight recklessly!
Unknown command.
You are too injured to fight recklessly!
You are too injured to fight recklessly!
You are too injured to fight recklessly!
Unknown command.
You are too injured to fight recklessly!
Unknown command.
You are too injured to fight recklessly!
Unknown command.
You are too injured to fight recklessly!
Unknown command.
You are too injured to fight recklessly!
You are too injured to fight recklessly!
You are too injured to fight recklessly!
Unknown command.
You are too injured to fight recklessly!
Unknown command.
You are too injured to fight recklessly!
Unknown command.
You are too injured to fight recklessly!
Unknown command.
But you're not safe!
Unknown command.
But you're not safe!
Unknown command.
But you're not safe!
Unknown command.
But you're not safe!
Unknown command.
But you're not safe!
Unknown command.
You are too injured to fight recklessly!
You are too injured to fight recklessly!
You are too injured to fight recklessly!
Unknown command.
You are too injured to fight recklessly!
Unknown command.
You are too injured to fight recklessly!
Unknown command.
You are too injured to fight recklessly!
Unknown command.
You are too injured to fight recklessly!
You are too injured to fight recklessly!
You are too injured to fight recklessly!
Unknown command.
You are too injured to fight recklessly!
Unknown command.
You are too injured to fight recklessly!
Unknown command.
You are too injured to fight recklessly!
Unknown command.
You are too injured to fight recklessly!
You are too injured to fight recklessly!
You are too injured to fight recklessly!
Unknown command.
You are too injured to fight recklessly!
Unknown command.
You are too injured to fight recklessly!
Unknown command.
You are too injured to fight recklessly!
Unknown command.
But you're not safe!
Unknown command.
But you're not safe!
Unknown command.
But you're not safe!
Unknown command.
But you're not safe!
Unknown command.
But you're not safe!
Unknown command.
Unknown command.
Unknown command.
Unknown command.
Are you sure you want to abandon this character and quit the game? (Confirm with "yes".)

* , , , , ,,, , ,, ..
*.#.## ........ ..... *
, ........#+#.#.#. *
########...............
*, .........
.....#.....##.* *
#......#####...#.Bh.....
.####.......#..#rh....^#
*
.....#....##...#@h...>..
, ,
..#.<....#...#.......###
* #.#.#####..# #.#######
..#.......####.#
#.#...#.####...#
#.#...#.# #.###
#[.#.#..# ##.# ##..#..##
#..# ##...#####.##


You could see 3 jackals, a giant cockroach and a rat.

Vanquished Creatures
  2 ball pythons (D:1)
2 creatures vanquished.

Notes
Turn   | Place    | Note
-------+----------+-------------------------------------------
     0 | D:1      | sentinel the Meteoran Earth Elementalist began the quest
                  | for the Orb.
     0 | D:1      | Reached XP level 1. HP: 14/14 MP: 5/5
    48 | D:1      | Quit the game

Illustrated notes

Levels and vault maps discovered:
D:1:      ebering_trefoil_3fold, layout_basic, ebering_ecumenical_altar_mist

Action                   || total
-------------------------++-------
 Cast: Sandblast         ||     4
Dodge: Dodged            ||     8
